Map: Kairos Junction LE

Players

Guitarcheese

  • Race: Terran Terran
  • League: Master
  • Spawn Location: 11:00

Jason - Winner!

  • Race: Terran Terran
  • League: Grandmaster
  • Spawn Location: 5:00

VOD

Have the link to the VOD?

Description

Time

  • Played on: June 11, 2019, 3:24 p.m.
  • Length: 7:25
Show
View Real Time Build Order
Export as new Build Order

Guitarcheese Terran 

Build Orders:  

Get SALT Encoding   

  12  0:00  SCV  
  13  0:13  SCV  
  14  0:17  Supply Depot  
  14  0:25  SCV  
  15  0:38  SCV  
  15  0:40  Barracks  
  16  0:45  Refinery  
  16  0:50  SCV  
  17  0:57  Refinery  
  17  1:03  SCV  
  18  1:15  SCV  
  19  1:27  Orbital Command, Reaper  
  20  1:34  Supply Depot  
  20  1:45  Factory  
  20  1:53  SCV  
  21  2:00  Reaper  
  22  2:05  SCV  
  23  2:20  SCV  
  23  2:22  Command Center  
  24  2:29  Hellion  
  26  2:31  Supply Depot  
  26  2:34  Reaper  
  27  2:38  SCV  
  28  2:51  Hellion  
  30  2:52  SCV  
  30  2:55  Starport  
  31  3:04  SCV  
  32  3:06  Barracks Reactor  
  32  3:12  Factory Tech Lab  
  32  3:16  SCV  
  31  3:32  Cyclone  
  29  3:35  Orbital Command, SCV  
  29  3:37  Viking  
  32  3:42  Marine  
  32  3:43  Marine  
  32  3:47  SCV  
  34  3:59  SCV  
  34  4:00  Marine x2  
  34  4:05  Cyclone  
  34  4:07  SCV  
  36  4:11  SCV  
  37  4:18  Viking  
  37  4:19  SCV  
  37  4:23  Marine, SCV  
  37  4:24  Marine  
  43  4:31  SCV  
  44  4:36  SCV  
  44  4:37  Cyclone  
  45  4:43  Supply Depot, SCV  
  46  4:45  Marine  
  46  4:46  Marine  
  46  4:48  SCV  
  49  4:55  SCV  
  46  5:00  SCV  
  46  5:03  Marine x2  
  49  5:07  SCV  
  49  5:08  Starport Reactor  
  49  5:10  Supply Depot  
  49  5:12  SCV  
  49  5:13  Siege Tank  
  54  5:19  SCV  
  55  5:24  Barracks, SCV  
  55  5:25  Barracks  
  56  5:31  SCV  
  57  5:36  SCV  
  57  5:39  Refinery, Marine x2, Barracks  
  57  5:40  Refinery, Barracks  
  60  5:43  SCV  
  60  5:45  Siege Tank  
  60  5:49  SCV  
  65  5:55  Engineering Bay  
  65  5:56  Supply Depot  
  65  5:57  Marine x2  
  67  6:04  Supply Depot  
  67  6:08  Supply Depot  
  67  6:09  SCV x2  
  70  6:16  Marine  
  70  6:17  Siege Tank  
  71  6:19  Barracks Tech Lab  
  70  6:27  Marine x2, SCV x2  
  70  6:28  Marine x3  
  73  6:35  Marine  
  73  6:44  Marine  
  73  6:45  Marine x2  
  73  6:46  Marine x3, SCV x2  
  75  6:53  Marine  
  76  7:01  SCV  
  69  7:02  Marine  
  69  7:03  Marine x2  
  69  7:04  Marine x3  
  69  7:05  SCV  
  76  7:13  SCV  
Show
View Real Time Build Order
Export as new Build Order

Jason Terran - Winner!

Build Orders:  

Get SALT Encoding   

  12  0:01  SCV  
  13  0:13  SCV  
  14  0:18  Supply Depot  
  14  0:25  SCV  
  15  0:31  Refinery  
  15  0:39  SCV  
  16  0:45  Barracks  
  16  0:51  SCV  
  17  0:59  Refinery  
  17  1:03  SCV  
  18  1:15  SCV  
  19  1:33  Reaper, Orbital Command  
  19  1:38  Factory  
  20  1:49  Supply Depot  
  20  1:59  SCV  
  21  2:05  Reaper  
  22  2:12  SCV  
  23  2:22  Hellion  
  25  2:24  SCV  
  26  2:31  Command Center  
  26  2:36  SCV  
  27  2:38  Reaper  
  27  2:43  Hellion  
  30  2:48  SCV  
  31  2:51  Supply Depot  
  31  3:02  Starport  
  31  3:06  Factory Tech Lab  
  31  3:11  Barracks Tech Lab  
  31  3:13  SCV  
  32  3:25  SCV  
  32  3:34  Cyclone  
  35  3:37  SCV  
  36  3:42  Barracks Reactor  
  36  3:46  Refinery, Orbital Command  
  36  3:54  Raven  
  38  3:57  SCV  
  34  4:10  Siege Tank  
  34  4:11  SCV  
  34  4:15  SCV  
  39  4:23  SCV  
  39  4:24  Marine, Supply Depot  
  39  4:25  Marine  
  39  4:27  SCV  
  42  4:35  SCV  
  42  4:38  Raven  
  40  4:39  SCV  
  40  4:42  Marine x2  
  40  4:44  Supply Depot  
  45  4:47  Siege Tank  
  45  4:49  SCV  
  48  5:00  Marine x2, SCV  
  48  5:01  SCV  
  52  5:19  Command Center  
  52  5:20  Siege Tank  
  57  5:21  SCV x2  
  56  5:29  Supply Depot  
  55  5:35  Marine, Viking x2  
  55  5:38  SCV x2  
  62  5:42  Refinery  
  62  5:50  SCV x2  
  62  5:54  Barracks  
  62  5:55  Marine, Siege Tank, Barracks  
  68  6:02  SCV x2  
  70  6:05  Viking  
  70  6:06  Viking  
  74  6:13  Marine  
  74  6:14  SCV  
  76  6:23  Barracks  
  76  6:25  Barracks  
  76  6:31  Marine, Siege Tank  
  80  6:33  Orbital Command  
  80  6:36  Supply Depot, SCV  
  77  6:47  Barracks Reactor  
  77  6:48  Barracks Reactor  
  77  6:49  SCV  
  77  6:50  Viking  
  77  6:51  Viking  
  77  6:52  SCV  
  82  7:10  SCV  
Tags
 
Add a new tag
Caveats
  • Supply blocks, unpowered buildings, or Contaminate may cause inaccurate times.
  • Supply counts are checked every 10 seconds.